Map: Newkirk Precinct TE (Void)

Players

TortugaVil - Winner!

  • Race: Terran Terran
  • League: Gold
  • Spawn Location: 5:00

Fropez

  • Race: Protoss Protoss
  • League: Gold
  • Spawn Location: 7:00

VOD

Have the link to the VOD?

Description

Time

  • Played on: Dec. 6, 2016, 3:10 p.m.
  • Length: 22:29
Show
View Real Time Build Order
Export as new Build Order

TortugaVil Terran - Winner!

Build Orders:  

Get SALT Encoding   

  12  0:03  SCV  
  13  0:19  Supply Depot  
  13  0:23  SCV  
  14  0:35  SCV, Refinery  
  15  0:45  Barracks  
  15  0:53  SCV  
  16  1:05  SCV  
  16  1:11  Supply Depot  
  17  1:17  SCV  
  18  1:33  Orbital Command  
  18  1:35  Reaper  
  19  2:03  SCV  
  20  2:14  Barracks Reactor  
  20  2:20  SCV  
  21  2:32  SCV  
  21  2:35  Refinery  
  22  2:40  Factory  
  22  3:06  Marine x2  
  22  3:11  Command Center  
  24  3:26  Marine  
  24  3:27  Marine  
  26  3:40  SCV  
  27  3:44  Marine x2  
  27  3:45  Factory Tech Lab  
  29  3:51  Engineering Bay  
  29  3:52  SCV  
  29  4:02  Marine  
  29  4:03  Marine  
  31  4:12  Supply Depot x2  
  31  4:23  Siege Tank, SCV, Starport  
  35  4:24  Terran Infantry Weapons Level 1  
  35  4:35  SCV  
  35  4:37  Orbital Command, Supply Depot  
  36  4:47  Marine x2  
  38  4:57  Missile Turret  
  38  5:02  Starport Reactor  
  35  5:24  Barracks  
  35  5:25  Barracks  
  35  5:28  SCV  
  36  5:30  SCV  
  37  5:40  SCV  
  38  5:47  Bunker  
  38  5:49  Marine x2  
  40  5:52  SCV  
  41  5:57  Siege Tank  
  44  6:04  Medivac x2  
  44  6:07  Marine  
  49  6:12  Barracks Tech Lab  
  49  6:13  Barracks Reactor  
  44  6:31  Missile Turret  
  44  6:33  Widow Mine  
  44  6:36  Terran Infantry Armor Level 1  
  44  6:39  Marine x2  
  48  6:40  Marauder  
  50  6:47  SCV x2  
  52  6:57  Marine x2, Armory  
  52  7:00  Stimpack  
  54  7:01  Marauder  
  56  7:15  Supply Depot  
  56  7:17  Marine x3  
  56  7:18  Supply Depot  
  56  7:20  SCV x2  
  61  7:23  Marauder  
  61  7:26  Siege Tank  
  66  7:31  Marine  
  66  7:35  Marine x2  
  66  7:36  SCV x2  
  71  7:41  Missile Turret  
  71  7:42  Missile Turret  
  70  7:44  Marauder  
  70  7:48  SCV  
  70  7:49  SCV  
  70  7:50  Supply Depot  
  73  8:00  Missile Turret  
  73  8:09  Missile Turret  
  73  8:10  Medivac x2  
  77  8:22  Marine x4, Marauder, Armory  
  77  8:24  SCV x2, Engineering Bay  
  85  8:30  Refinery  
  85  8:36  SCV x2  
  85  8:40  Marine x4  
  91  8:42  Missile Turret  
  91  8:48  SCV  
  92  8:51  Missile Turret  
  92  8:54  SCV  
  93  8:59  Supply Depot  
  93  9:03  Liberator  
  93  9:06  SCV, Supply Depot  
  94  9:17  Concussive Shells  
  94  9:21  SCV  
  98  9:24  Supply Depot  
  98  9:29  Siege Tank  
  101  9:39  Marine x4, Marauder  
  107  9:47  Command Center  
  107  9:57  Marine, SCV  
  107  9:58  Marine, SCV  
  111  10:00  Marauder  
  111  10:01  Siege Tank  
  116  10:10  SCV  
  116  10:11  Marine x2  
  118  10:24  Marine  
  118  10:25  Marine  
  117  10:36  Marine  
  118  10:53  Marine  
  118  10:54  Marine, Medivac  
  118  10:55  Marine  
  118  10:56  Marine, Medivac  
  118  10:58  Marauder  
  118  10:59  Terran Vehicle Weapons Level 1  
  108  11:10  Marine  
  93  11:12  Marine  
  94  11:20  Marauder  
  94  11:21  Orbital Command  
  94  11:24  Marine, Viking  
  94  11:25  Marine  
  100  11:26  Viking  
  100  11:27  Orbital Command  
  100  11:28  Marine  
  100  11:30  Marine  
  104  11:34  Terran Ship Weapons Level 1  
  104  11:41  Marauder  
  104  11:42  Marine x2  
  104  11:46  Marine, SCV  
  110  11:48  Marine  
  111  11:57  SCV  
  111  11:58  SCV  
  113  12:05  Combat Shields  
  113  12:07  Refinery  
  113  12:09  SCV, Viking  
  113  12:10  SCV  
  117  12:22  SCV, Terran Infantry Weapons Level 2  
  118  12:31  Terran Infantry Armor Level 2  
  118  12:38  SCV  
  118  12:40  SCV  
  120  12:44  SCV  
  120  12:50  SCV  
  122  12:52  SCV  
  122  12:53  Missile Turret  
  122  12:57  Viking  
  125  13:11  Supply Depot  
  125  13:12  Supply Depot  
  125  13:15  Missile Turret  
  120  13:25  Viking  
  118  13:27  Viking  
  120  13:42  Refinery  
  120  13:46  Widow Mine, Refinery  
  122  13:52  Missile Turret  
  122  13:54  Viking  
  122  13:57  Viking  
  122  14:01  Terran Vehicle And Ship Armor Level 1  
  124  14:13  Starport  
  123  14:28  Command Center  
  123  14:42  SCV x2  
  123  14:43  SCV  
  126  14:54  SCV x2  
  126  14:55  SCV  
  129  15:06  Starport Tech Lab  
  129  15:09  Siege Tank  
  129  15:10  Missile Turret  
  129  15:13  Terran Ship Weapons Level 2  
  132  15:21  SCV  
  132  15:22  SCV x2  
  135  15:32  Terran Infantry Weapons Level 3, Bunker  
  135  15:33  SCV  
  135  15:34  SCV  
  137  15:41  Raven, Missile Turret  
  139  15:51  Corvid Reactor  
  139  15:55  SCV x2  
  139  15:56  SCV  
  143  15:58  Planetary Fortress  
  143  16:02  Terran Vehicle And Ship Armor Level 2, Bunker  
  142  16:07  SCV  
  143  16:11  Bunker  
  143  16:31  Raven  
  145  16:34  Sensor Tower  
  145  16:46  Supply Depot  
  146  16:47  SCV x4  
  149  16:59  SCV x4  
  149  17:00  Sensor Tower  
  153  17:11  SCV x4  
  157  17:19  Refinery  
  157  17:20  Viking x3  
  163  17:23  SCV x4  
  163  17:24  Refinery, Sensor Tower  
  163  17:25  Marine x4  
  163  17:26  Marine  
  172  17:46  Sensor Tower  
  172  17:50  Viking, Raven  
  176  17:54  Marine x2  
  176  17:55  Marauder  
  180  18:22  Command Center  
  180  18:41  Marine x2, Marauder, Medivac x2  
  188  19:33  Marine x3, Medivac  
  188  19:34  Marauder  
  188  19:35  Viking x2  
  191  19:42  Siege Tank  
  191  19:43  Marine  
  175  19:51  Marine x3  
  176  19:55  Marauder  
  178  20:01  Marine  
  178  20:05  Viking x2  
  166  20:14  Siege Tank  
  166  20:16  Marauder  
  171  20:38  Planetary Fortress  
  171  20:40  Orbital Command  
  165  20:54  Command Center  
  165  20:56  Marine x3, Marauder  
  170  20:57  Medivac  
  170  20:58  Medivac x2  
  175  21:17  Marauder  
  177  21:21  Marine x3  
  180  21:28  Marine  
  180  21:53  Marauder  
  180  22:17  Refinery  
  180  22:21  Refinery  
Show
View Real Time Build Order
Export as new Build Order

Fropez Protoss 

Build Orders: 1 Gate Expand 

Get SALT Encoding   

  12  0:01  Probe (Chrono Boost)  
  13  0:14  Pylon  
  13  0:18  Probe (Chrono Boost)  
  15  0:28  Probe (Chrono Boost)  
  15  0:35  Gateway  
  15  0:39  Probe (Chrono Boost)  
  16  0:49  Assimilator  
  17  0:50  Probe (Chrono Boost)  
  17  0:58  Assimilator  
  17  1:03  Probe (Chrono Boost)  
  18  1:11  Pylon  
  18  1:23  Probe (Chrono Boost)  
  19  1:38  Nexus  
  19  1:49  Pylon  
  19  2:00  Probe (Chrono Boost)  
  20  2:04  Pylon  
  20  2:10  Probe (Chrono Boost)  
  20  2:12  Cybernetics Core  
  20  2:24  Probe (Chrono Boost)  
  20  2:27  Gateway  
  21  2:44  Probe (Chrono Boost)  
  21  2:45  Pylon  
  21  2:50  Mothership Core (Chrono Boost)  
  22  2:55  Probe (Chrono Boost)  
  22  2:58  Warp Gate (Chrono Boost)  
  25  2:59  Stalker  
  27  3:06  Probe  
  27  3:09  Probe  
  28  3:39  Probe  
  28  3:40  Stalker  
  31  3:41  Stalker  
  31  3:44  Probe  
  32  3:48  Pylon  
  32  3:53  Probe  
  33  3:57  Assimilator  
  33  4:10  Probe  
  33  4:11  Stargate  
  33  4:14  Probe  
  33  4:16  Pylon  
  35  4:22  Probe  
  36  4:37  Probe  
  41  4:53  Twilight Council  
  41  4:56  Oracle (Chrono Boost)  
  40  5:08  Stalker  
  40  5:11  Probe  
  40  5:12  Probe  
  40  5:43  Pylon  
  40  5:44  Probe  
  40  5:45  Stalker x2  
  45  5:50  Assimilator  
  45  5:57  Blink (Chrono Boost)  
  45  6:07  Probe  
  45  6:11  Void Ray (Chrono Boost)  
  50  6:41  Protoss Air Weapons Level 1  
  50  6:43  Zealot  
  52  6:47  Stalker  
  52  6:48  Void Ray (Chrono Boost)  
  58  7:09  Probe  
  58  7:10  Probe  
  60  7:16  Stargate  
  60  7:19  Pylon  
  60  7:24  Gateway  
  60  7:28  Gateway  
  60  7:29  Gateway  
  60  7:31  Gateway  
  60  7:33  Void Ray  
  60  7:36  Probe  
  64  7:37  Probe  
  66  8:02  Stalker  
  66  8:03  Stalker  
  70  8:07  Pylon  
  70  8:10  Pylon  
  70  8:13  Pylon  
  70  8:20  Void Ray (Chrono Boost)  
  70  8:23  Void Ray (Chrono Boost), Pylon  
  78  8:46  Nexus  
  78  8:49  Pylon  
  78  8:51  Protoss Air Armor Level 1, Fleet Beacon  
  76  9:07  Resonating Glaives (Chrono Boost)  
  74  9:21  Pylon  
  74  9:26  Assimilator  
  74  9:32  Void Ray, Dark Shrine  
  74  9:42  Void Ray  
  74  9:44  Probe  
  74  9:45  Probe  
  84  10:02  Probe  
  84  10:03  Probe x2  
  71  10:32  Zealot x5  
  71  10:35  Pylon  
  81  10:36  Pylon  
  81  10:38  Pylon x2  
  52  11:07  Probe  
  52  11:08  Probe  
  52  11:18  Probe  
  52  11:21  Probe  
  54  11:27  Assimilator  
  54  11:28  Probe  
  55  11:33  Probe  
  56  11:51  Dark Templar x4  
  61  12:01  Probe  
  62  12:07  Probe  
  62  12:13  Probe  
  64  12:25  Probe  
  49  13:32  Phoenix  
  49  13:33  Phoenix  
  53  13:39  Stalker x2  
  53  13:40  Stalker  
  59  13:47  Pylon  
  59  13:49  Pylon  
  59  13:52  Pylon  
  59  13:59  Probe  
  59  14:00  Probe  
  61  14:03  Nexus  
  61  14:09  Probe  
  59  14:12  Nexus, Probe  
  61  14:20  Pylon  
  61  14:30  Stalker x4  
  61  14:31  Stalker  
  71  14:33  Probe  
  71  14:34  Probe  
  71  14:36  Gateway  
  71  14:55  Dark Templar  
  73  15:17  Probe  
  73  15:18  Probe  
  73  15:19  Probe  
  76  15:24  Probe  
  76  15:28  Probe x2  
  77  15:30  Assimilator  
  77  15:32  Stalker x4  
  77  15:34  Assimilator  
  87  15:51  Probe  
  88  16:03  Probe  
  89  16:05  Probe x2, Charge (Chrono Boost)  
  91  16:15  Probe x3  
  94  16:24  Nexus  
  94  16:26  Assimilator  
  94  16:30  Assimilator  
  92  16:42  Stalker x3  
  92  16:43  Stalker  
  92  16:44  Pylon  
  100  16:52  Forge  
  100  16:56  Protoss Air Weapons Level 2 (Chrono Boost)  
  100  16:57  Forge  
  100  17:01  Probe  
  100  17:02  Probe  
  100  17:03  Probe  
  103  17:19  Tempest (Chrono Boost), Protoss Ground Weapons Level 1  
  103  17:22  Protoss Ground Armor Level 1  
  109  17:27  Tempest (Chrono Boost)  
  115  17:39  Stalker  
  114  18:36  Zealot x2  
  114  18:37  Zealot x3  
  116  19:15  Dark Templar x4  
  116  19:16  Dark Templar  
  120  19:23  Cybernetics Core  
  101  20:02  Probe  
  101  20:04  Probe  
  93  20:13  Probe  
  83  20:17  Probe  
  83  20:20  Protoss Shields Level 1  
  69  20:29  Pylon  
  69  20:30  Pylon  
  69  20:31  Pylon  
  69  20:33  Pylon  
  69  20:35  Pylon  
  65  20:44  Gateway  
  65  20:47  Pylon, Gateway  
  65  20:48  Pylon  
  53  20:50  Pylon  
  53  20:52  Pylon  
  53  20:57  Dark Templar  
  55  21:06  Twilight Council  
  55  21:23  Nexus  
  53  21:27  Assimilator  
  53  21:31  Assimilator  
  49  21:56  Nexus  
  49  21:58  Assimilator  
  49  22:03  Assimilator  
  49  22:07  Pylon  
  49  22:15  Zealot  
  51  22:21  Gateway  
  51  22:23  Gateway  
  51  22:26  Gateway  
  51  22:28  Gateway  
Tags
 
Add a new tag
Caveats
  • Supply blocks, unpowered buildings, or Contaminate may cause inaccurate times.
  • Supply counts are checked every 10 seconds.